 Dungeon Crawl Stone Soup version 0.16.2-12-gd0ad4c3 (webtiles) character file.

98 kosy22 the Charmwright (level 4, -2/37 HPs)
             Began as a Draconian Skald on Oct 25, 2015.
             Slain by a gnoll
             ... wielding a +0 club
              (5 damage)
             ... on level 2 of the Dungeon.
             The game lasted 00:22:56 (3271 turns).

kosy22 the Charmwright (Draconian Skald)            Turns: 3271, Time: 00:22:56

Health: -2/37      AC:  5    Str: 14    XL:     4   Next: 44%
Magic:  5/7        EV: 12    Int: 13    God:
Gold:   57         SH:  0    Dex: 11    Spells: 3 memorised, 2 levels left

rFire  . . .     SeeInvis .     d - +0 flail
rCold  . . .     Clarity  .     (armour unavailable)
rNeg   . . .     SustAb   .     (no shield)
rPois  .         Gourm    .     (helmet restricted)
rElec  .         Spirit   .     (no cloak)
rCorr  .         Warding  .     (no gloves)
rMut   .         Stasis   .     (no boots)
MR     .....                    (no amulet)
Stlth  +.........               (no ring)
                                (no ring)

@: not resistant to hostile enchantments, very unstealthy
A: unfitting armour, cold-blooded, AC +5
a: no special abilities


You were on level 2 of the Dungeon.
You were very hungry.

You visited 1 branch of the dungeon, and saw 2 of its levels.

You collected 57 gold pieces.

Inventory:

Hand weapons
 a - a +0 hand axe
 d - a +0 flail (weapon)
 e - a +0 hunting sling
 f - a +0 club
 h - a +0 short sword {awesome}
Missiles
 g - 18 stones (quivered)
Armour
 j - a +0 robe
Magical devices
 b - a wand of flame (11)
Scrolls
 i - a scroll of fog
Potions
 k - a potion of might {unknown}
 l - a potion of haste {unknown}
Books
 c - a book of Battle

   Spells                             Type                      Level
   a - Infusion                       Charms                       1
   b - Shroud of Golubria             Charms/Translocation         2
   c - Song of Slaying                Charms                       2
   d - Spectral Weapon                Hexes/Charms                 3
   e - Regeneration                   Charms/Necromancy            3
Comestibles
 m - a chunk of flesh


   Skills:
 + Level 2.6 Fighting
 + Level 2.6 Axes
 + Level 0.2(1.5) Maces & Flails
 + Level 2.8 Dodging
 + Level 0.2 Stealth
 + Level 2.2 Spellcasting
 + Level 3.1 Charms
 + Level 0.2 Translocations


You had 2 spell levels left.
You knew the following spells:

 Your Spells              Type           Power        Failure   Level  Hunger
a - Infusion              Chrm           #.....       10%         1    ##.....
b - Shroud of Golubria    Chrm/Tloc      #.........   21%         2    ###....
c - Song of Slaying       Chrm           #.......     12%         2    ###....


Dungeon Overview and Level Annotations

Branches:
Dungeon (2/15)

Altars:
Cheibriados


Innate Abilities, Weirdness & Mutations

Your plain brown scales are hard (AC +5).
Your body does not fit into most forms of armour.
Your cold-blooded metabolism reacts poorly to cold.


Message History

Confirm with . or Enter, or press ? or * to list all spells.
Space distorts slightly along a thin shroud covering your body.
Your shroud bends the gnoll's attack away!
Your shroud bends the gnoll's attack away.
You hit the gnoll but do no damage.
The gnoll is lightly wounded.
The gnoll misses you. x2
You completely miss the gnoll.
The gnoll is lightly wounded.
The gnoll barely misses you. The gnoll closely misses you.
The gnoll closely misses you.
You barely miss the gnoll.
The gnoll is lightly wounded.
Your shroud begins to fray at the edges.
Your shroud bends the gnoll's attack away.
The gnoll misses you.
You closely miss the gnoll.
The gnoll is lightly wounded.
The gnoll closely misses you. The gnoll hits you with a club.
You die...

#.####### #.#
##########.#
#..........#
#.#######..# #.#
#..# #.#
#####..####### #.#
#............. #@#
#.###..######.
####g###.###.รท.##
##
#..g....#.......#
#.######.###...##
#.# ##.## #)# #.#
#)# #.# #.# ##+##
#.# ##...##


You could see 2 gnolls.

Vanquished Creatures
  Terence (D:2)
  2 gnolls (D:2)
  3 giant geckos (D:1)
  6 hobgoblins
  13 jackals (D:1)
  4 kobolds
  9 bats
  4 giant cockroaches
  3 giant newts
  10 goblins
  6 rats
  2 fungi (D:1)
63 creatures vanquished.

Notes
Turn   | Place    | Note
--------------------------------------------------------------
     0 | D:1      | kosy22, the Draconian Skald, began the quest for the Orb.
     0 | D:1      | Reached XP level 1. HP: 17/17 MP: 3/3
   361 | D:1      | Reached XP level 2. HP: 16/24 MP: 4/4
   366 | D:1      | Learned a level 2 spell: Shroud of Golubria
   369 | D:1      | Learned a level 2 spell: Song of Slaying
   394 | D:1      | Reached skill level 3 in Charms
  1387 | D:1      | Reached XP level 3. HP: 27/30 MP: 6/6
  2455 | D:2      | Noticed Terence
  2498 | D:2      | Killed Terence
  2888 | D:2      | Reached XP level 4. HP: 30/37 MP: 7/7
  3046 | D:2      | Found a snail-covered altar of Cheibriados.
  3271 | D:2      | Slain by a gnoll

Action                   |  1- 3 |  4- 6 || total
-------------------------+-------+-------++-------
Melee: Hand axe          |   223 |       ||   223
       Flail             |    11 |    35 ||    46
 Fire: Hunting sling     |     1 |       ||     1
Throw: Stone             |    12 |       ||    12
 Cast: Infusion          |     2 |       ||     2
       Shroud of Golubri |     3 |     2 ||     5
       Song of Slaying   |     1 |       ||     1
  Use: Scroll            |     1 |     2 ||     3
       Potion            |     3 |       ||     3
  Eat: Chunk             |     1 |       ||     1
       Bread ration      |     1 |       ||     1
       Pizza             |     1 |       ||     1
